 Dungeon Crawl Stone Soup version 0.23-a0-393-g6e9e0f2070 (webtiles) character file.

2548 Notair the Cleaver (level 9, -1/83 HPs)
             Began as a Minotaur Gladiator on Oct 31, 2018.
             Slain by Erica
             ... wielding a +4 scimitar of flaming
              (9 damage)
             ... on level 8 of the Dungeon.
             The game lasted 00:13:53 (5491 turns).

Notair the Cleaver (Minotaur Gladiator)             Turns: 5491, Time: 00:13:53

Health: -1/83      AC:  8    Str: 27    XL:     9   Next: 30%
Magic:  8/8        EV: 11    Int:  8    God:
Gold:   257        SH:  0    Dex: 12    Spells: 8/8 levels left

rFire    + . .     SeeInvis .   s - +0 battleaxe
rCold    + . .     Gourm    .   (shield currently unavailable)
rNeg     . . .     Faith    .   z - +0 scale mail
rPois    .         Spirit   .   c - +1 hat
rElec    .         Reflect  .   t - scarf {rC+ rF+}
rCorr    .         Harm     .   C - +0 pair of gloves {Str+3}
MR       .....                  (no boots)
Stlth    ..........             (no amulet)
HPRegen  0.23/turn              (no ring)
MPRegen  0.11/turn              (no ring)

@: mighty, slowed, very slow
A: retaliatory headbutt, horns 2
a: no special abilities


You were on level 8 of the Dungeon.
You were not hungry.

You visited 1 branch of the dungeon, and saw 7 of its levels.
You also visited: Sewer.

You collected 392 gold pieces.
You spent 135 gold pieces at shops.

Inventory:

Hand Weapons
 a - a +0 war axe
 s - a +0 battleaxe (weapon)
 y - a +0 hunting sling
Missiles
 m - 8 curare-tipped needles
 n - 4 needles of confusion
 x - 63 sling bullets
Armour
 c - a +1 hat (worn)
 t - a scarf of resistance (worn)
 z - a +0 scale mail (worn)
 C - a +0 pair of gloves of strength (worn)
Jewellery
 d - a +5 ring of strength {unknown}
 r - an uncursed ring of fire {unknown}
Wands
 A - a wand of digging (5)
Scrolls
 b - 2 scrolls of enchant weapon {unknown}
 j - 2 scrolls of magic mapping {unknown}
 k - a scroll of amnesia
 p - 3 scrolls of teleportation {unknown}
 q - a scroll of fog {unknown}
 w - 3 scrolls of fear {unknown}
 B - 2 scrolls of identify
 F - a scroll of enchant armour
 G - a scroll of remove curse {unknown}
Potions
 e - a potion of cancellation {unknown}
 h - a potion of might
 i - 5 potions of magic
 l - 3 potions of curing
 o - 3 potions of invisibility
 u - 3 potions of flight {unknown}
 v - a potion of brilliance {unknown}
 D - 3 potions of resistance {unknown}
 E - a potion of lignification {unknown}
Comestibles
 f - 11 rations


   Skills:
 + Level 9.1 Fighting
 * Level 12.5 Axes
 - Level 2.0 Throwing
 - Level 3.2 Dodging


You had 8 spell levels left.
You didn't know any spells.
Your spell library was empty.

Dungeon Overview and Level Annotations

Branches:
Dungeon (6/15)             Temple (0/1) D:6

Altars:
Elyvilon
Fedhas
Hepliaklqana
Kikubaaqudgha
Makhleb
Sif Muna
Xom
Yredelemnul
Zin

Shops:
D:5 [

Annotations:
D:8 Erica


Innate Abilities, Weirdness & Mutations

You reflexively headbutt those who attack you in melee.
You have a pair of horns on your head.


Message History

* * * LOW HITPOINT WARNING * * *
Something burns you.
* * * LOW HITPOINT WARNING * * *
Your scale mail prevents you from hitting Grum.
You headbutt Grum.
You kill Grum!
Your Fighting skill increases to level 9!
You miss something. The wolf barely misses you.
The freed slave completely misses something.
Something hits you!
* * * LOW HITPOINT WARNING * * *
Something burns you.
* * * LOW HITPOINT WARNING * * *
The wolf bites you.
* * * LOW HITPOINT WARNING * * *
The freed slave hits something.
You feel very mighty all of a sudden. The wolf barely misses you.
You furiously retaliate!
You headbutt the wolf. Something hits you!
You die...

.. ## #. ... #.#
.. ..#.. p## ...
..## #.##...
#hh#.p####
##h#.....#
#@#...# #{p...#
##...p# #..#...#
##[.# #.#
#########...# ..
#..........|# .
#.#####W##..#
#..P...≈.......#


You could see 3 wolves and 2 neutral freed slaves.

Vanquished Creatures
  Pikel (D:8)
  Grum (D:8)
  A hungry ghost (D:8)
  Edmund (D:6)
  Duvessa (D:6)
  An ice beast (D:5)
  3 ogres
  A phantom (D:6)
  A wolf (D:8)
  A centaur (D:5)
  Blork the orc (D:4)
  2 bullfrogs (D:6)
  Dowan (D:6)
  4 wights (D:6)
  2 bullfrog zombies
  5 jellies
  A hound (D:8)
  An orc priest (D:3)
  Crazy Yiuf (D:2)
  An orc wizard (D:5)
  2 worker ants
  A hound zombie (D:5)
  A worker ant zombie (D:6)
  A howler monkey zombie (D:5)
  6 adders
  11 oozes
  2 adder skeletons (D:4)
  5 worms
  2 dart slugs
  3 leopard geckos
  13 orcs
  4 ball pythons
  10 bats
  6 giant cockroaches
  A goblin (D:1)
  6 hobgoblins
  26 jackals
  2 quokkas
  9 frilled lizards
  13 kobolds
  A leopard gecko zombie (D:5)
  3 rats
159 creatures vanquished.

Vanquished Creatures (others)
  A slave (D:8)
  2 fungi (D:4)
  9 toadstools (D:4)
12 creatures vanquished.

Grand Total: 171 creatures vanquished

Notes
Turn   | Place    | Note
-------+----------+-------------------------------------------
     0 | D:1      | Notair the Minotaur Gladiator began the quest for the Orb.
     0 | D:1      | Reached XP level 1. HP: 18/18 MP: 0/0
    36 | D:1      | Reached skill level 4 in Axes
    37 | D:1      | Reached XP level 2. HP: 18/25 MP: 1/1
   378 | D:1      | Reached XP level 3. HP: 20/31 MP: 2/2
   716 | D:2      | Found a deep blue altar of Sif Muna.
   738 | D:2      | Found a blossoming altar of Fedhas.
   796 | D:2      | Reached skill level 5 in Axes
   958 | D:2      | Found a basalt altar of Yredelemnul.
   988 | D:2      | Reached XP level 4. HP: 37/38 MP: 3/3
  1347 | D:2      | Found a runed door.
  1518 | D:2      | Noticed Crazy Yiuf
  1524 | D:2      | Killed Crazy Yiuf
  1524 | D:2      | Reached skill level 6 in Axes
  1787 | D:3      | Reached XP level 5. HP: 42/46 MP: 4/4
  1963 | D:3      | Found an ancient bone altar of Kikubaaqudgha.
  3104 | D:4      | Found a burning altar of Makhleb.
  3152 | D:4      | Found a hazy altar of Hepliaklqana.
  3163 | D:4      | Noticed Blork the orc
  3164 | D:4      | Found a glowing drain.
  3179 | D:4      | Killed Blork the orc
  3179 | D:4      | Reached skill level 7 in Axes
  3179 | D:4      | Reached XP level 6. HP: 45/55 MP: 5/5
  3217 | Sewer    | Entered a sewer
  3223 | Sewer    | Reached skill level 5 in Fighting
  3674 | D:4      | Reached skill level 8 in Axes
  3706 | D:4      | Reached XP level 7. HP: 43/61 MP: 6/6
  3785 | D:5      | Entered Level 5 of the Dungeon
  3956 | D:5      | Reached skill level 9 in Axes
  4117 | D:5      | Found a glowing silver altar of Zin.
  4117 | D:5      | Found a shimmering altar of Xom.
  4157 | D:5      | Found Derrae's Antique Armour Shoppe.
  4162 | D:5      | Bought a pair of runed gloves for 135 gold pieces
  4618 | D:6      | Reached XP level 8. HP: 62/71 MP: 7/7
  4631 | D:6      | Noticed Duvessa
  4651 | D:6      | Killed Duvessa
  4651 | D:6      | Reached skill level 10 in Axes
  4656 | D:6      | Noticed Edmund
  4667 | D:6      | Killed Edmund
  4694 | D:6      | Noticed Dowan
  4879 | D:6      | Killed Dowan
  4916 | D:6      | Reached skill level 11 in Axes
  5178 | D:6      | Found a white marble altar of Elyvilon.
  5302 | D:6      | Found a staircase to the Ecumenical Temple.
  5443 | D:6      | You fall through a shaft for 2 floors!
  5450 | D:8      | Noticed Pikel
  5472 | D:8      | Killed Pikel
  5472 | D:8      | Reached skill level 12 in Axes
  5472 | D:8      | Reached XP level 9. HP: 49/82 MP: 8/8
  5472 | D:8      | Noticed Erica
  5478 | D:8      | Noticed Grum
  5490 | D:8      | Killed Grum
  5491 | D:8      | Slain by Erica

Vault maps used:
D:1:      minmay_arrival_loop
D:2:      lemuel_coloured_pillars_altar, overflow_temple_1_default,
          fedhas_altar_1, grunt_decor_arrowhead, glass_columns_b,
          uniq_crazy_yiuf_cottage
D:3:      kiku_gazebo_garden_becter, first_ration
D:4:      cheibrodos_fertilizer, bloody_makhleb, old_standard_altar,
          cheibrodos_sewer_entry_sluice, minmay_misc_feat_square,
          nemelex_spade_bored_becter, uniq_blork_the_orc
D:5:      lemuel_round_altar, xom_teletrap_fun, serial_shops, shop,
          roderic_roman_lattice
D:6:      lemuel_doored_altar, temple_doors_e, uniq_duvessa, uniq_edmund
D:8:      chequers_temple_overflow_minitemple, david_nohive_1,
          fungi_pond_lemuel, uniq_pikel, uniq_erica, uniq_joseph, uniq_grum
Sewer:    sewer_fruit_machine

Skill      XL: |  1  2  3  4  5  6  7  8  9 |
---------------+----------------------------+-----
Axes           | 4 5 6 7 8 9 12 | 12.5
Fighting       | 3 4 5 6 8 9 |  9.1
Throwing       | |  2.0
Dodging        | |  3.2

Action                   |  1- 3 |  4- 6 |  7- 9 || total
-------------------------+-------+-------+-------++-------
Melee: War axe           |    60 |   110 |       ||   170
       Headbutt          |    13 |    23 |    26 ||    62
       Battleaxe         |       |    38 |   158 ||   196
 Fire: Hunting sling     |       |     2 |       ||     2
Throw: Throwing net      |       |     3 |     1 ||     4
  Use: Scroll            |     3 |     7 |       ||    10
       Potion            |       |       |     2 ||     2
 Stab: Held in net/web   |       |     1 |     2 ||     3
  Eat: Chunk             |       |     9 |     5 ||    14
       Ration            |       |       |     1 ||     1
Armor: Leather armour    |    19 |    12 |       ||    31
       Scale mail        |       |    54 |    73 ||   127
Dodge: Dodged            |    49 |   123 |    85 ||   257

Table legend:
 A = Non-vault XP
 B = Vault XP
 C = Vault XP percentage of total XP
 D = Non-vault monster count
 E = Vault monster count
 F = Vault count percentage of total count
                 A         B        C        D         E       F
            +---------+---------+-------+---------+---------+-------
      Total |    1923 |    1717 |  47.2 |     114 |      45 |  28.3
            +---------+---------+-------+---------+---------+-------
        D:1 |      53 |       0 |   0.0 |      22 |       0 |   0.0
        D:2 |      99 |      40 |  28.8 |      22 |       1 |   4.3
        D:3 |      94 |       0 |   0.0 |      22 |       0 |   0.0
        D:4 |     191 |     303 |  61.3 |       8 |      21 |  72.4
        D:5 |     553 |       0 |   0.0 |      16 |       0 |   0.0
        D:6 |     821 |     389 |  32.1 |      22 |       3 |  12.0
        D:8 |     112 |     949 |  89.4 |       2 |       3 |  60.0
      Sewer |       0 |      36 | 100.0 |       0 |      17 | 100.0
            +---------+---------+-------+---------+---------+-------
